← All builds
Tech / Armada / Economy first / OBSERVED BUILD

Standard tech

Rushes T2 factory and Advanced Metal Extractors while supplying T2 constructors to teammates, then transitions into anti-nuke and support units later.

Usually first T2 con to Geo (85%)

#t2 #eco #team support · 762 distinct matches · 108 players · 59% of Armada Tech games · team won 53% of 882 · Recently observed

HOW TO PLAY IT

Key timing: T2 lab by 4:15

  1. Take 3 mex, then wind and a Bot Lab to open eco fast.
  2. Push T2 lab out, aim to pass T2 to air player.
  3. Get first T2 constructor building, prioritize mex upgrades over eco.
  4. Finish Advanced Metal Extractor, keep upgrading team's mex.
  5. Add fus and anti-nuke, keep feeding T2 cons and Umbrella/Citadel to team.

Phase by phase

TYPICAL OF ITS 762 GAMES
  1. 1
  2. 2
  3. 3
  4. 4
PLAY THE OPENING

Follow the example game's first 6:00 step by step: what to build now, what comes next, and where it goes. At 1× it keeps pace with your own game.

  1. 1

    Up to the Bot Lab

    Economy
    • Metal Extractor3Mex
    • Wind Turbine4Wind
    Order
    1. Bot LabBot Lab after 3 mex, 4 winddone ~1:17, middle half 1:13–1:32

    By 1:01 in all: 3 mex · 4 wind

    The example game in this phase · 3 steps
    1. Mex ×3
    2. Wind ×3
    3. Bot LabBot Labdone 1:10 · typical 1:17
  2. 2

    Bot Lab to Advanced Bot Lab

    Economy
    • Metal Extractor1Mex
    • Wind Turbine8Wind
    • Energy Storage1Energy storage
    Order
    1. Advanced Bot LabAdvanced Bot Lab after 4 mex, 12 wind, 3 con turretdone ~4:15, middle half 4:04–4:27
    Builders
    • Construction Turret3 Con turret
    • Lazarus3 Lazarus
    • Construction Bot2 Con bot
    • Construction Bot1 Con bot for allies

    Some games also: converter (36%)

    By 3:19 in all: 4 mex · 12 wind · 1 energy storage · 3 con turret

    The example game in this phase · 20 steps
    1. Wind
    2. LazarusLazarus
    3. Construction BotCon bot
    4. Wind ×3
    5. Solar
    6. Construction BotCon botfor Air
    7. Construction BotCon bot
    8. Wind ×2
    9. LazarusLazarus
    10. Mex
    11. Wind
    12. Con turret
    13. Wind
    14. LazarusLazarus
    15. Wind ×2
    16. Con turret
    17. Energy storage
    18. Wind
    19. Con turret
    20. Advanced Bot LabAdvanced Bot Labdone 4:12 · typical 4:15
  3. 3

    Advanced Bot Lab to 5:00

    Economy
    • Wind Turbine2Wind
    Builders
    • Advanced Construction Bot1 T2 con bot for allies

    Some games also: converter (36%)

    By 5:00 in all: 4 mex · 15 wind · 2 converter · 1 energy storage · 3 con turret

    The example game in this phase · 3 steps
    1. Wind ×2
    2. Advanced Construction BotT2 con bot ×2for Geo
    3. Converter
  4. 4

    5:00 to 10:00

    Economy
    • Wind Turbine44Wind
    • Energy Converter6Converter
    Builders
    • Butler8 Butler
    • Advanced Construction Bot4 T2 con bot for allies
    • Advanced Construction Bot1 T2 con bot

    Some games also: con turret (47%) · Butler for allies (38%)

    By 10:00 in all: 4 mex · 59 wind · 8 converter · 1 energy storage · 3 con turret

    The example game in this phase · 106 steps
    1. Advanced Metal ExtractorT2 mexdone 6:05 · typical 5:29
    2. Converter
    3. Advanced Metal ExtractorT2 mex ×2
    4. Converter ×3
    5. Advanced Construction BotT2 con botfor Geo sea
    6. ButlerButler ×2
    7. Advanced Metal ExtractorT2 mex
    8. Converter
    9. ButlerButler
    10. Converter
    11. Advanced Construction BotT2 con bot ×2for Pond
    12. Wind ×2
    13. ButlerButler
    14. Converter
    15. ButlerButler
    16. Wind ×2
    17. ButlerButler
    18. Wind ×3
    19. ButlerButler
    20. Wind ×3
    21. ButlerButler
    22. Wind ×6
    23. Converter
    24. ButlerButler
    25. Wind ×4
    26. ButlerButler
    27. Wind ×8
    28. UmbrellaAnti-nukedone 10:27
    29. Wind ×5
    30. Converter ×2
    31. Wind ×7
    32. Converter
    33. Wind ×5
    34. Converter
    35. Wind ×6
    36. Converter
    37. Wind ×2
    38. SprinterSprinter
    39. Wind ×4
    40. Converter
    41. Wind ×6
    42. SprinterSprinter
    43. Converter
    44. Wind ×6
    45. SprinterSprinter
    46. Wind ×7
    47. SprinterSprinter
    48. Wind ×4
    49. SprinterSprinter
    50. Wind ×2
    51. SprinterSprinter
    52. Wind ×6
    53. Advanced Construction BotT2 con bot
    54. Wind ×12
    55. Con turret
    56. Wind ×4
    57. Fusion ReactorFusiondone 12:50
    58. Wind ×2
    59. Con turret
    60. Wind ×6
    61. Windfor Geo sea
    62. Wind ×10
    63. SentrySentryfor Geo sea
    64. Wind ×4
    65. Con turret
    66. T2 converter
    67. Wind ×4
    68. Con turret
    69. Wind ×4
    70. Con turret
    71. Wind ×2
    72. Con turret
    73. Wind ×10
    74. T2 converter
    75. Wind ×5
    76. TracerTracer
    77. Wind ×4
    78. Aircraft PlantAircraft Plantdone 14:00
    79. Wind ×12
    80. PlatypusPlatypus
    81. Wind ×4
    82. Construction AircraftCon aircraft
    83. Wind ×4
    84. StormbringerBomber
    85. Wind
    86. StormbringerBomber
    87. Wind ×3
    88. StormbringerBomber
    89. T2 converter
    90. Wind ×9
    91. StormbringerBomber
    92. Wind ×3
    93. PlatypusPlatypus
    94. Wind
    95. StormbringerBomber
    96. Wind ×2
    97. StormbringerBomber
    98. Wind ×2
    99. StormbringerBomber
    100. Wind ×3
    101. StormbringerBomber
    102. Wind ×5
    103. StormbringerBomber
    104. Wind ×4
    105. StormbringerBomber
    106. Wind

Counts are medians over the build's games: half of them build more, half fewer. The example game is Alphacure's (38 OS, 29/09/2026); pick another.

Team trades

IN AT LEAST 30% OF ITS GAMES

You hand over

  • Construction Bot1 Con bot to Airfirst at 2:22 · in 88% of games
  • Advanced Construction Bot5 T2 con bot to Air or Pond or Geo seafirst at 4:46 · in 99% of games
  • Sharpshooter2 Sniper bot to Pondfirst at 5:21 · in 33% of games
  • Butler2 Butler to Geo sea or Beach sea or Pondfirst at 9:04 · in 42% of games

You get

  • Hercules1 Light transport from Airfirst at 4:00 · in 86% of games

How it plays out

Typical game of this build, running totals by minute

Metal produced

020k40k
0:005:0010:0015:00

metal

Enemy metal destroyed

0200400
0:005:0010:0015:00

metal

Own metal lost

0100200300
0:005:0010:0015:00

metal

882 games.

Show as table
ByMetal produced: This buildEnemy metal destroyed: This buildOwn metal lost: This build
1:0038300
2:0091500
3:00164400
4:00315200
5:00486600
6:00581100
7:00723300
8:00907900
9:001125300
10:001358400
11:001641600
12:001998800
13:002377500
14:002754990108
15:0031616324206
WHAT THE NUMBERS SAY

This is the role's baseline and wins slightly more than half its games with a huge metal lead but almost no kills, showing its value is economic not combat.

  • + Produces 31389 metal by 15:00, far above other roles.
  • + Reaches T2 lab and constructor by 4:15-4:33 almost every game.
  • − Barely destroys any enemy metal (400 by 15:00), no combat presence.
  • − Fusion Reactor and anti-nuke only land in 44% of games.
THE EXAMPLE YOU ARE READING

Alphacure

38.2 OS · 29/09/2026

Open source match ↗

1 received units
1838 metal received · 50623 energy received

Allied construction assistance is unknown. Timings are observations, not a promise of solo reproducibility.

Typical milestones

Bot Lab1:17Middle 50%: 1:13–1:32 · n=882
Advanced Bot Lab4:15Middle 50%: 4:04–4:27 · n=876
Advanced Metal Extractor5:29Middle 50%: 5:06–5:58 · n=880

Played most by

Amrissa100games of this buildSyphos39games of this buildKOT_38games of this buildAdeus34games of this buildTeaner33games of this build